 Dungeon Crawl Stone Soup version 0.22-a0-224-g8cf3520 (webtiles) character file.

28 Amnesiac the Charlatan (level 2, 0/14 HPs)
             Began as a Spriggan Artificer on Feb 20, 2018.
             Slain by a rat (3 damage)
             ... on level 3 of the Dungeon.
             The game lasted 00:05:57 (1017 turns).

Amnesiac the Charlatan (Spriggan Artificer)         Turns: 1017, Time: 00:05:58

Health: 0/14       AC:  2    Str:  8    XL:     2   Next: 96%
Magic:  6/6        EV: 18    Int: 12    God:
Gold:   105        SH:  0    Dex: 16    Spells: 1/1 levels left

rFire    + . .     SeeInvis +   a - +0 short sword {!a}
rCold    x . .     Gourm    .   (shield restricted)
rNeg     . . .     Faith    .   b - +0 robe
rPois    .         Spirit   .   (helmet restricted)
rElec    .         Reflect  .   (no cloak)
rCorr    .         Harm     .   (gloves unavailable)
MR       .....                  (boots unavailable)
Stlth    +.........             (no amulet)
HPRegen  0.04/turn              j - ring of fire
MPRegen  0.10/turn              (no ring)

@: slow
A: very small, unfitting armour, see invisible, herbivore, speed 3, slow
metabolism 2
a: no special abilities


You were on level 3 of the Dungeon.
You were full.

You visited 1 branch of the dungeon, and saw 4 of its levels.

You collected 105 gold pieces.

Inventory:

Hand Weapons
 a - a +0 short sword (weapon) {!a}
Armour
 b - a +0 robe (worn)
Jewellery
 j - a ring of fire (left hand)
 p - an uncursed ring of fire
Wands
 c - a wand of clouds (2)
 d - a wand of enslavement (15)
 e - a wand of random effects (10)
Scrolls
 f - a scroll of random uselessness {!r, unknown}
 g - a scroll of remove curse {!r, unknown}
 h - a scroll of noise {!r, unknown}
 i - 4 scrolls of identify {!r, unknown}
 l - a scroll of magic mapping {!r, unknown}
 m - 2 scrolls of amnesia {!r, unknown}
 o - a scroll of teleportation {!r, unknown}
Potions
 k - a potion of agility {!q, unknown}
 n - a potion of curing {!q, unknown}
Comestibles
 q - a ration


   Skills:
 - Level 1.0 Fighting
 - Level 1.1 Short Blades
 - Level 3.0 Dodging
 - Level 1.5 Stealth
 + Level 5.5 Evocations


You had one spell level left.
You didn't know any spells.

Dungeon Overview and Level Annotations

Branches:
Dungeon (4/15)
 Temple: D:4-7

Altars:

Annotations:
D:3 RoseArtemis's ghost, amateur GrEE


Innate Abilities, Weirdness & Mutations

You are very small and have problems with some larger weapons.
You are too small for most types of armour.
You have supernaturally acute eyesight. (SInv)
You are a herbivore.
You cover ground extremely quickly.
You need consume almost no food.


Message History

2 jackals come into view.
The jackal moves out of view.
The jackal barks!
The jackal barely misses you.
Found 32 stones.
A worker ant comes into view.
The jackal barely misses you.
There is a stone staircase leading up here.
You climb upwards.
You hear the sound of rushing water.
There is an entrance to a sewer on this level.
Hurry and find it before the portal rusts away!
Level annotation: RoseArtemis's ghost, amateur GrEE You hear the rusting of a very distant drain.
There is a stone staircase leading down here.
Found an escape hatch in the ceiling.
There is an escape hatch in the ceiling here.
Found a scroll labeled ARYOCR KOILL.
A hobgoblin comes into view.
The hobgoblin shouts!
You see here a scroll labeled ARYOCR KOILL {!r}.
i - 3 scrolls labeled ARYOCR KOILL {!r} (gained 1) Really attack while wielding your +0 short sword {!a}? [Y]es or [N]o only, please.
Really attack while wielding your +0 short sword {!a}?
Okay, then.
The hobgoblin closely misses you.
You open the door. The hobgoblin closely misses you.
The kobold shouts!
The hobgoblin hits you.
There is an open door here.
The kobold completely misses you.
RoseArtemis's ghost turns its malevolent gaze towards you.
You hear a shout!
You see here a scroll labeled ARYOCR KOILL {!r}.
i - 4 scrolls labeled ARYOCR KOILL {!r} (gained 1)
The worm bites you!
Ouch! That really hurt!
* * * LOW HITPOINT WARNING * * *
Press: ? - help, v - describe, . - travel
Here: RoseArtemis's ghost The floor.
You open the door.
The kobold shouts!
Found a scroll labeled YHIFOLI NUIL.
There is an open door here.
You hear the brisk rusting of a distant drain. 2 rats and a giant cockroach come into view.
A ball python and a giant cockroach come into view.
A hobgoblin comes into view.
The hobgoblin shouts!
You hear a shout! x2
A rat comes into view.
The ball python hisses angrily.
A ball python comes into view.
The giant cockroach closely misses you.
The ball python hisses angrily.
The ball python closely misses you. The ball python grabs you.
The ball python constricts you.
You escape the ball python's grasp.
The ball python bites you but does no damage.
The ball python misses you.
You enter the shallow water.
Moving in this stuff is going to be slow.
The rat bites you.
You die...

#.# #####
#######.#
###.......###
#........g..#
#≈.......##g#
#≈.≈≈≈sr.#
...
#≈≈≈≈≈rSs#
### +###S...#
#≈@r.# #≈...#
+≈.≈.# ######


You could see 2 giant cockroaches, a hobgoblin, 2 ball pythons and 3 rats.

Vanquished Creatures
  An adder (D:2)
  2 worms (D:3)
  3 giant cockroaches
  3 goblins (D:3)
  A quokka (D:3)
  2 bats
  A kobold (D:3)
13 creatures vanquished.

Notes
Turn   | Place    | Note
-------+----------+-------------------------------------------
     0 | D:1      | Amnesiac the Spriggan Artificer began the quest for the Orb.
     0 | D:1      | Reached XP level 1. HP: 9/9 MP: 4/4
    87 | D:1      | Reached skill level 1 in Fighting
   295 | D:2      | Reached XP level 2. HP: 10/14 MP: 6/6
   544 | D:3      | Reached skill level 5 in Evocations
   657 | D:3      | Noticed RoseArtemis's ghost (amateur GrEE)
   769 | D:4      | Noticed a howler monkey
  1017 | D:3      | Slain by a rat

Vault maps used:
D:1:      wheals_arrival_linesprint
D:2:      chequers_ecumenical_altar_simple
D:3:      wad_river_or_something, portal_sewer_entry_e, uniq_robin
D:4:      lemuel_coloured_pillars_altar

Skill      XL: |  1  2 |
---------------+-------+-----
Fighting       | 1 |  1.0
Evocations     | 5 |  5.5
Short Blades   | |  1.1
Dodging        | |  3.0
Stealth        | |  1.5

Action                   || total
-------------------------++-------
Evoke: Wand              ||    20
  Eat: Ration            ||     1
Armor: Robe              ||    20
Dodge: Dodged            ||    93

Table legend:
 A = Spawn XP
 B = Non-spawn XP
 C = Spawn XP percentage of total XP
 D = Spawn monster count
 E = Non-spawn monster count
 F = Spawn count percentage of total count
 G = Total turns spent on level
                    A         B        C        D         E        F      G
               +---------+---------+-------+---------+---------+-------+---------
         Total |       0 |      40 |   0.0 |       0 |      13 |   0.0 |  1017
               +---------+---------+-------+---------+---------+-------+---------
           D:1 |       0 |       2 |   0.0 |       0 |       1 |   0.0 |   196
           D:2 |       0 |      14 |   0.0 |       0 |       2 |   0.0 |   214
           D:3 |       0 |      24 |   0.0 |       0 |      10 |   0.0 |   367
               +---------+---------+-------+---------+---------+-------+---------
